 Dungeon Crawl Stone Soup version 0.32-a0-814-g0968bab981 (webtiles) character file.

Game seed: 14897713193699070832

77 smashvw the Grave Robber (level 4, -4/33 HPs)
             Began as a Ghoul Necromancer on Mar 23, 2024.
             Slain by a gnoll
             ... wielding a +0 flail
              (10 damage)
             ... on level 2 of the Dungeon.
             The game lasted 00:04:05 (1388 turns).

smashvw the Grave Robber (Ghoul Necromancer)        Turns: 1388, Time: 00:04:05

Health: -4/33      AC:  2    Str: 11    XL:     4   Next: 33%
Magic:  0/7        EV: 11    Int: 16    God:
Gold:   120        SH:  0    Dex:  9    Spells: 3/7 levels left

rFire   . . .        (no weapon)
rCold   + . .        (no shield)
rNeg    + + +        a - +0 robe
rPois   ∞            (no helmet)
rElec   .            (no cloak)
rCorr   .            (no gloves)
SInv    .            (no boots)
Will    .....        (no amulet)
Stlth   ++           (no ring)
HPRegen 0.00/turn    (no ring)
MPRegen 0.10/turn

%: no passive effects
@: inhibited regen
A: claws 1, cold resistance 1, negative energy resistance 3, inhibited
regeneration, torment resistance 2, devour on kill
a: no special abilities


You were on level 2 of the Dungeon.
You visited 1 branch of the dungeon, and saw 2 of its levels.

You collected 120 gold pieces.

Inventory:

Armour
 a - a +0 robe (worn)
Jewellery
 g - an amulet of the acrobat
Scrolls
 f - a scroll of silence {unknown}
Potions
 b - a potion of magic
 c - a potion of heal wounds {unknown}
 d - a potion of mutation {unknown}
 e - a potion of resistance {unknown}


   Skills:
 + Level 2.4 Dodging
 + Level 3.2 Stealth
 + Level 2.4 Spellcasting
 + Level 4.5 Necromancy


You had 3 spell levels left.
You knew the following spells:

 Your Spells              Type           Power      Damage    Failure   Level
a - Necrotise             Necr           64%        1d7       3%          1
b - Vampiric Draining     Necr           16%        2d7       10%         3

Your spell library contained the following spells:

 Spells                   Type           Power      Damage    Failure   Level
 Animate Dead             Necr           16%        N/A       30%         4
 Curse of Agony           Necr           16%        N/A       65%         5


Dungeon Overview and Level Annotations

Branches:
Dungeon (2/15)

Altars:


Innate Abilities, Weirdness & Mutations

You are immune to poison.
You have sharp fingernails.
Your flesh is cold resistant. (rC+)
You are immune to negative energy. (rN+++)
You do not regenerate when monsters are visible.
You are immune to unholy pain and torment.
You thrive by killing the living.


Message History

Aiming: Necrotise (safe; 3% risk of failure)
Press: ? - help, Shift-Dir - straight line, f/p - gnoll
Aim: a gnoll, wielding a +0 club (severely wounded, chance to affect: 80%)
The gnoll writhes in agony.
You kill the gnoll!
The dead are walking!
Casting: Necrotise (safe; 3% risk of failure)
Confirm with . or Enter, or press ? or * to list all spells.
You don't have enough magic to cast this spell.
The goblin hits your gnoll skeleton with a +0 club.
Your gnoll skeleton barely misses the goblin.
The goblin hits your gnoll skeleton with a +0 club.
Your gnoll skeleton barely misses the goblin.
The goblin hits your gnoll skeleton with a +0 club.
You barely miss the gnoll. The gnoll hits you with a +0 flail.
The goblin hits your gnoll skeleton with a +0 club.
Your gnoll skeleton is destroyed!
Casting: Necrotise (safe; 3% risk of failure)
Confirm with . or Enter, or press ? or * to list all spells.
Aiming: Vampiric Draining (quite dangerous; 10% risk of failure)
Press: ? - help, Shift-Dir - straight line, f - gnoll
Aim: a gnoll, wielding a +0 flail You draw life force from the gnoll!
You feel life coursing into your body. The gnoll hits you with a +0 flail!
You scratch the gnoll but do no damage.
The gnoll is heavily wounded.
The bat barely misses you. The gnoll hits you with a +0 flail.
You barely miss the gnoll.
The gnoll is heavily wounded.
The gnoll hits you with a +0 flail! The bat hits you but does no damage.
You scratch the bat.
The bat is heavily wounded.
The bat barely misses you. The gnoll hits you with a +0 flail.
* * * LOW HITPOINT WARNING * * *
The bat barely misses you. The gnoll attacks as it pursues you!
The gnoll barely misses you. The bat closely misses you.
The bat barely misses you. The gnoll attacks as it pursues you!
The gnoll hits you with a +0 flail!
You die...

#.#
####..........####.#
#.#
#>......#####..g...#
#.# #.#....)#
######## #.#
#.##....#
#.######.##..#.#
#............#.#
########.###.#g# #.#
#.#.# #.###@#.#
#...b.g.# #.......#
#.##....# #.##....#
#..... .......
##....... .....#..


You could see a gnoll and a bat.

Vanquished Creatures
  Jessica (D:2)
  3 gnolls (D:2)
  A giant cockroach (D:2)
  5 goblins
  2 hobgoblins
  A kobold (D:1)
  A quokka (D:1)
  2 ball pythons (D:2)
  A bat (D:1)
  2 frilled lizards (D:1)
  3 rats (D:1)
22 creatures vanquished.

Vanquished Creatures (collateral kills)
  An endoplasm (D:1)
1 creature vanquished.

Grand Total: 23 creatures vanquished

Notes
Turn   | Place    | Note
-------+----------+-------------------------------------------
     0 | D:1      | smashvw the Ghoul Necromancer began the quest for the Orb.
     0 | D:1      | Reached XP level 1. HP: 14/14 MP: 3/3
   353 | D:1      | Reached XP level 2. HP: 20/20 MP: 2/4
   923 | D:2      | Reached XP level 3. HP: 26/26 MP: 4/6
   958 | D:2      | Learned a level 3 spell: Vampiric Draining
  1046 | D:2      | Noticed Jessica
  1052 | D:2      | Killed Jessica
  1323 | D:2      | Reached XP level 4. HP: 33/33 MP: 4/7
  1388 | D:2      | Slain by a gnoll

Illustrated notes

Levels and vault maps discovered:
D:1:      minmay_arrival_checkered_box, layout_basic
D:2:      layout_loops_corners, serial_shops, shop, uniq_jessica

Skill      XL: |  1  2  3 |
---------------+----------+-----
Dodging        | 2 |  2.4
Spellcasting   | 2 |  2.4
Stealth        | 3 |  3.2
Necromancy     | |  4.5

Action                     |  1- 3 |  4- 6 || total
---------------------------+-------+-------++-------
  Melee: Unarmed           |    15 |     4 ||    19
   Cast: Necrotise         |    35 |     4 ||    39
         Vampiric Draining |     3 |     2 ||     5
 Armour: Robe              |    21 |     8 ||    29
  Dodge: Dodged            |    18 |     8 ||    26

Table legend: (Time is in decaauts)
 A = Elapsed time spent in this place.
 B = Non-inter-level travel time spent in this place.
 C = Inter-level travel time spent in this place.
 D = Time resting spent in this place.
 E = Time spent auto-exploring this place.
 F = Levels seen in this place.
 G = Mean time per level.
                   A        B        C        D        E       F      G
               +--------+--------+--------+--------+--------+-----+--------+
         Total |   1387 |   1368 |     19 |     38 |   1115 |   2 |  693.5 |
       Dungeon |   1387 |   1368 |     19 |     38 |   1115 |   2 |  693.5 |
               +--------+--------+--------+--------+--------+-----+--------+

Top non-repeatable levels by time:
     D:1: 820 daAuts
     D:2: 567 daAuts
